 Dungeon Crawl Stone Soup version 0.28-a0-1510-gd0f6b136d3 (webtiles) character file.

Game seed: 17577923584548369020

1182 hashsling the Zephyrmancer (level 8, -3/41 HPs)
             Began as a Tengu Air Elementalist on Jan 14, 2022.
             Was an Initiate of Sif Muna.
             Slain by an iguana (7 damage)
             ... on level 6 of the Dungeon on Jan 15, 2022.
             The game lasted 00:19:46 (6158 turns).

hashsling the Zephyrmancer (Tengu Air Elementalist) Turns: 6158, Time: 00:19:47

Health: -3/41      AC:  6    Str: 21    XL:     8   Next: 42%
Magic:  7/16       EV: 15    Int: 17    God:    Sif Muna [......]
Gold:   212        SH:  0    Dex: 15    Spells: 11/17 levels left

rFire   . . .      SeeInvis .   a - +2 flail (drain)
rCold   . . .      Faith    .   (no shield)
rNeg    . . .      Spirit   .   h - +1 ring mail {rPois}
rPois   +          Reflect  .   (helmet restricted)
rElec   .          Harm     .   (no cloak)
rCorr   .          Rampage  .   (no gloves)
Will    .....                   (boots unavailable)
Stlth   +.........              (no amulet)
HPRegen 0.13/turn               e - +6 ring of strength
MPRegen 0.15/turn               n - +6 ring of strength

@: flying quickly and evasively, quick
A: beak, talons 3, nimble flight
a: Renounce Religion


You were on level 6 of the Dungeon.
You worshipped Sif Muna.
Sif Muna was noncommittal.
You visited 2 branches of the dungeon, and saw 7 of its levels.

You collected 212 gold pieces.

Inventory:

Hand Weapons
 a - a +2 flail of draining (weapon)
 o - a +4 dagger of holy wrath
Missiles
 m - 33 arrows
 r - 3 poisoned darts
Armour
 h - a +1 ring mail of poison resistance (worn)
Jewellery
 e - a +6 ring of strength (left hand)
 n - a +6 ring of strength (right hand)
Wands
 d - a wand of mindburst (22)
 t - a wand of flame (12)
Scrolls
 k - a scroll of teleportation {unknown}
 l - 2 scrolls of noise {unknown}
 p - a scroll of identify
 s - a scroll of immolation {unknown}
Potions
 b - 2 potions of berserk rage {unknown}
 c - 3 potions of lignification {unknown}
 f - a potion of heal wounds
 g - 3 potions of haste {unknown}
 i - 3 potions of curing {unknown}
 j - 2 potions of invisibility {unknown}
 q - a potion of flight {unknown}
 u - a potion of degeneration {unknown}


   Skills:
 + Level 0.0 Fighting
 + Level 3.3 Armour
 + Level 4.6 Dodging
 - Level 2.0 Stealth
 * Level 5.0 Spellcasting
 + Level 5.2 Conjurations
 * Level 8.0 Air Magic


You had 11 spell levels left.
You knew the following spells:

 Your Spells              Type           Power      Damage    Failure   Level
a - Shock                 Conj/Air       100%       1d9       1%          1
b - Static Discharge      Conj/Air       26%        N/A       2%          2
c - Swiftness             Air            31%        N/A       2%          3

Your spell library contained the following spells:

 Spells                   Type           Power      Damage    Failure   Level
 Airstrike                Air            15%        N/A       9%          4
 Conjure Flame            Conj/Fire      13%        6-21      24%         3
 Ignite Poison            Fire/Tmut/Pois 4%         N/A       56%         3
 Sticky Flame             Conj/Fire      13%        2d4       61%         4


Dungeon Overview and Level Annotations

Branches:
Dungeon (6/15)             Temple (1/1) D:4

Altars:
Ashenzari
Cheibriados
Fedhas
Hepliaklqana
Kikubaaqudgha
Nemelex Xobeh
Okawaru
Ru
Sif Muna
Trog
Uskayaw
Wu Jian
Yredelemnul
The Shining One


Innate Abilities, Weirdness & Mutations

You have a beak for a mouth.
You have claws for feet.
Your magical nature lets you fly swiftly and evasively.


Message History

The yak snorts and paws the ground.
There is a stone staircase leading down here.
You fly downwards.
The iguana hisses angrily.
Found 28 gold pieces.
Found an escape hatch in the floor.
There is a stone staircase leading up here.
Casting: Shock (safe; 1% risk of failure)
Confirm with . or Enter, or press ? or * to list all spells.
You feel quick.
Found a stone staircase leading down.
Found 11 gold pieces.
You see here 18 gold pieces.
Found a chain mail.
You start to feel a little slower.
Found 2 curare-tipped darts.
Found a wand of mindburst (11).
Found 15 gold pieces.
You feel sluggish.
An orc and a howler monkey come into view.
The howler monkey howls!
The howler monkey hoots and howls with incredible vigour!
The orc shouts!
You hear a shout! x2; You hear an angry hiss. x2
Found 26 stones.
The howler monkey hoots and howls with incredible vigour!
You hear a shout!
You hear an angry hiss. x2; You hear a shout!
Something shouts, "Remove thy stench, thou simpering ill-breeding haggard!"
You start to feel a little faster.
The iguana bites you but does no damage.
The howler monkey barely misses you.
A wight comes into view. It is wielding a +3 war axe.
The iguana bites you.
* * * LOW HITPOINT WARNING * * *
The howler monkey barely misses you.
A wight comes into view. It is wielding a +0 hand axe.
An adder comes into view.
The howler monkey hits you.
* * * LOW HITPOINT WARNING * * *
You no longer feel sluggish.
The iguana bites you!
You die...

..... ...... .(....
...... ..#.. ......
...# ......######..#
# ..............#.#
..............#.###..
.......@l..../#....(.
.S...z..h.o.....##
..z..(...........###.
.###.[...............
.........$.....##..#
..####...###.....# .#
. #....##.#.#...##
#..#.##...##...#
#..#.##..###....


You could see a howler monkey, an iguana, 2 wights, an adder and an orc.

Vanquished Creatures
  Grinder (D:4)
  2 black bears (D:4)
  A hornet zombie (D:4)
  An ogre (D:5)
  3 scorpions
  A water moccasin skeleton (D:4)
  2 jellies (D:4)
  An orc priest (D:3)
  2 iguanas (D:4)
  An orc wizard (D:3)
  11 gnolls
  4 adders
  3 worms
  3 dart slugs
  11 orcs
  10 endoplasms
  6 giant cockroaches
  5 goblins
  8 hobgoblins
  4 jackals (D:1)
  4 kobolds
  3 quokkas (D:1)
  5 ball pythons
  6 bats
  2 frilled lizards (D:1)
  5 rats
105 creatures vanquished.

Notes
Turn   | Place    | Note
-------+----------+-------------------------------------------
     0 | D:1      | hashsling the Tengu Air Elementalist began the quest for
                  | the Orb.
     0 | D:1      | Reached XP level 1. HP: 10/10 MP: 4/4
   280 | D:1      | Reached XP level 2. HP: 15/15 MP: 4/6
   763 | D:1      | Reached XP level 3. HP: 19/19 MP: 0/7
  1874 | D:2      | Learned a level 2 spell: Static Discharge
  1878 | D:2      | Learned a level 3 spell: Swiftness
  2330 | D:2      | Reached XP level 4. HP: 24/24 MP: 6/8
  3190 | D:3      | Reached skill level 5 in Air Magic
  3310 | D:3      | Gained mutation: Your magical nature lets you fly swiftly
                  | and evasively. [Tengu growth]
  3310 | D:3      | Reached XP level 5. HP: 28/28 MP: 1/10
  3628 | D:3      | Reached skill level 1 in Armour
  4009 | D:3      | Found an iron altar of Okawaru.
  4259 | D:4      | Noticed a black bear
  4260 | D:4      | Reached XP level 6. HP: 14/32 MP: 1/11
  4277 | D:4      | Killed a black bear
  4278 | D:4      | Reached skill level 6 in Air Magic
  4387 | D:4      | Found an ornate altar of the Wu Jian Council.
  4388 | D:4      | Noticed a black bear
  4396 | D:4      | Killed a black bear
  4397 | D:4      | Reached XP level 7. HP: 22/36 MP: 3/13
  4903 | D:4      | Noticed Grinder
  4915 | D:4      | Paralysed by Grinder for 4 turns
  4920 | D:4      | Killed Grinder
  4921 | D:4      | Reached skill level 7 in Air Magic
  5023 | D:4      | Reached XP level 8. HP: 41/41 MP: 9/15
  5499 | D:4      | Found a staircase to the Ecumenical Temple.
  5508 | Temple   | Entered the Ecumenical Temple
  5634 | Temple   | Became a worshipper of Sif Muna the Loreminder
  5918 | D:5      | Entered Level 5 of the Dungeon
  5933 | D:5      | Reached skill level 5 in Conjurations
  6032 | D:5      | Reached skill level 5 in Spellcasting
  6032 | D:5      | Reached skill level 8 in Air Magic
  6053 | D:5      | Noticed a yak
  6053 | D:5      | Noticed a yak
  6055 | D:5      | Noticed a yak
  6055 | D:5      | Noticed a yak
  6057 | D:5      | Noticed a yak
  6158 | D:6      | Slain by an iguana

Illustrated notes

Levels and vault maps discovered:
D:1:      dpeg_arrival_prison, layout_basic
D:2:      layout_loops_corners, hangedman_decor_opposing
D:3:      layout_basic, okawaru_altar_gauntlet_db
D:4:      layout_rooms, mainiacjoe_overflow_boulevard, lemuel_temple_firewalk_a,
          uniq_grinder
D:5:      layout_gridville, nicolae_gozag_seed_capital, zin_angel,
          kennysheep_another_room, uniq_prince_ribbit1
D:6:      cheibrodos_steamvent, layout_rooms, mainiacjoe_overflow_chevrons,
          hellmonk_bongcloud_opening
Temple:   minmay_temple_bridge_abc

Skill      XL: |  1  2  3  4  5  6  7  8 |
---------------+-------------------------+-----
Conjurations   | 2 3 4 5 |  5.2
Air Magic      | 5 6 7 8 |  8.0
Armour         | 1 2 3 |  3.3
Dodging        | 3 4 |  4.6
Spellcasting   | 3 4 5 |  5.0
Stealth        | |  2.0

Action                   |  1- 3 |  4- 6 |  7- 9 || total
-------------------------+-------+-------+-------++-------
Melee: Unarmed           |     1 |       |       ||     1
       Spear             |    10 |     2 |       ||    12
       Morningstar       |       |     6 |       ||     6
       Peck              |       |     3 |     6 ||     9
       Kick              |       |     3 |     8 ||    11
       Trident           |       |     1 |       ||     1
       Flail             |       |    11 |    27 ||    38
       Punch             |       |       |     1 ||     1
 Cast: Shock             |    82 |    79 |    75 ||   236
       Static Discharge  |       |     1 |     3 ||     4
       Swiftness         |       |       |     3 ||     3
  Use: Scroll            |     1 |       |       ||     1
       Potion            |       |     1 |     2 ||     3
Armor: Robe              |     1 |       |       ||     1
       Ring mail         |     2 |     7 |    17 ||    26
Dodge: Dodged            |     6 |    28 |    30 ||    64

Table legend: (Time is in decaauts)
 A = Elapsed time spent in this place.
 B = Non-inter-level travel time spent in this place.
 C = Inter-level travel time spent in this place.
 D = Time resting spent in this place.
 E = Time spent auto-exploring this place.
 F = Levels seen in this place.
 G = Mean time per level.
                   A        B        C        D        E       F      G
               +--------+--------+--------+--------+--------+-----+--------+
         Total |   6035 |   5927 |    108 |      0 |   5139 |   7 |  862.1 |
       Dungeon |   5888 |   5780 |    108 |      0 |   5046 |   6 |  981.3 |
        Temple |    147 |    147 |      0 |      0 |     93 |   1 |  147.0 |
               +--------+--------+--------+--------+--------+-----+--------+

Top non-repeatable levels by time:
     D:1: 1690 daAuts
     D:2: 1492 daAuts
     D:4: 1477 daAuts
     D:3: 999 daAuts
     D:5: 203 daAuts
  Temple: 147 daAuts
     D:6: 26 daAuts
